TOP OF THE 1ST |
York Revolution batting - Pitching for Niagara Falls Phantoms : RHP Alex Sepulueda
|
Pitching: RHP Alex Sepulueda
|
|
Batting: LHB Quincy Smart
|
0-0: Ball 1-0: Ball 2-0: SINGLE (Groundball, 4MD, EV 103.1 MPH)
|
Batting: RHB Dan Shaffer
|
0-0: Called Strike 0-1: Swinging Strike 0-2: Reached on error, E4 (Groundball, 34, EV 101.9 MPH) Quincy Smart to second
|
Batting: LHB Mike Hawk
|
0-0: Called Strike 0-1: Ball 1-1: Ball 2-1: Ball 3-1: Foul Ball, location: 2F 3-2: SINGLE (Flyball, 4D, EV 86.9 MPH) Quincy Smart to third Dan Shaffer to second
|
Batting: RHB Juan Gonzalez
|
0-0: Ball 1-0: Fly out, F8 (Flyball, 89D, EV 75.0 MPH) Runner from 3rd tags up, SCORES, no throw by CF
|
Batting: RHB Alexis Graciani
|
0-0: Foul Ball, location: 2F 0-1: Called Strike 0-2: Ball 1-2: Ball 2-2: Strikes out swinging
|
Batting: LHB Cipto Pakpahan
|
0-0: Swinging Strike 0-1: Ball 1-1: Foul Ball, location: 2F 1-2: Strikes out swinging
|
Top of the 1st over - 1 run, 2 hits, 1 error, 2 left on base; York 1 - Niagara Falls 0 |
BOTTOM OF THE 1ST |
Niagara Falls Phantoms batting - Pitching for York Revolution : RHP Hugo Rodriguez
|
Pitching: RHP Hugo Rodriguez
|
|
Batting: RHB Alfredo Mendez
|
0-0: Called Strike 0-1: Ball 1-1: Called Strike 1-2: Fly out, F8 (Flyball, 8RD, EV 101.2 MPH)
|
Batting: LHB Pete Cook
|
0-0: SINGLE (Groundball, 6MD, EV 99.4 MPH)
|
Batting: RHB Chris Horton
|
0-0: Ball 1-0: Called Strike 1-1: Ball 2-1: Ball Passed Ball! Pete Cook to second 3-1: Called Strike 3-2: Base on Balls
|
Batting: RHB Peter Frankel
|
0-0: Ball 1-0: Foul Ball, location: 2F 1-1: Fly out, F8 (Flyball, 8RM, EV 85.6 MPH)
|
Batting: LHB Luis Ponce
|
0-0: Ball 1-0: Ball 2-0: Called Strike 2-1: Foul Ball, location: 2F 2-2: Foul Ball, location: 2F 2-2: Strikes out looking
|
Bottom of the 1st over - 0 runs, 1 hit, 0 errors, 2 left on base; York 1 - Niagara Falls 0 |
TOP OF THE 2ND |
York Revolution batting - Pitching for Niagara Falls Phantoms : RHP Alex Sepulueda
|
Batting: RHB Mike Staunton
|
0-0: Called Strike 0-1: Ground out 6-3 (Groundball, 6, EV 78.8 MPH)
|
Batting: RHB Jonathan Steria
|
0-0: Swinging Strike 0-1: Ball 1-1: Ball 2-1: Swinging Strike 2-2: Strikes out swinging
|
Batting: RHB Tim Schell
|
0-0: Ground out 6-3 (Groundball, 6, EV 95.6 MPH)
|
Top of the 2nd over - 0 runs, 0 hits, 0 errors, 0 left on base; York 1 - Niagara Falls 0 |
BOTTOM OF THE 2ND |
Niagara Falls Phantoms batting - Pitching for York Revolution : RHP Hugo Rodriguez
|
Batting: SHB Bruce Shelton
|
0-0: Ball 1-0: Swinging Strike 1-1: Ball 2-1: Foul Ball, location: 2F 2-2: Strikes out swinging
|
Batting: RHB Randy Joyce
|
0-0: Called Strike 0-1: Called Strike 0-2: Ball 1-2: SINGLE (Groundball, 56D, EV 94.4 MPH)
|
Batting: SHB Ramon Werman
|
0-0: Called Strike 0-1: Ball Passed Ball! Randy Joyce to second 1-1: Fly out, F8 (Flyball, 8LD, EV 108.1 MPH)
|
Batting: RHB Donald DeLisio
|
0-0: Swinging Strike 0-1: Foul Ball, location: 2F 0-2: Strikes out swinging
|
Bottom of the 2nd over - 0 runs, 1 hit, 0 errors, 1 left on base; York 1 - Niagara Falls 0 |
TOP OF THE 3RD |
York Revolution batting - Pitching for Niagara Falls Phantoms : RHP Alex Sepulueda
|
Batting: LHB Quincy Smart
|
0-0: Fly out, F9 (Flyball, 9LM, EV 106.2 MPH)
|
Batting: RHB Dan Shaffer
|
0-0: Called Strike 0-1: Ball 1-1: Ball 2-1: Ball 3-1: Base on Balls
|
Batting: LHB Mike Hawk
|
Pickoff Throw to First - Out! 1-3 0-0: Ball 1-0: SINGLE (Groundball, 6MD, EV 103.8 MPH)
|
Batting: RHB Juan Gonzalez
|
0-0: Called Strike 0-1: Called Strike 0-2: Strikes out swinging
|
Top of the 3rd over - 0 runs, 1 hit, 0 errors, 1 left on base; York 1 - Niagara Falls 0 |
BOTTOM OF THE 3RD |
Niagara Falls Phantoms batting - Pitching for York Revolution : RHP Hugo Rodriguez
|
Batting: RHB Alfredo Mendez
|
0-0: Ball 1-0: Foul Ball, location: 2F 1-1: Ball 2-1: SINGLE (Groundball, 56D, EV 97.5 MPH)
|
Batting: LHB Pete Cook
|
0-0: Ball Alfredo Mendez steals 2nd base 1-0: SINGLE (Flyball, 89S, EV 90.6 MPH) Alfredo Mendez to third
|
Batting: RHB Chris Horton
|
0-0: Called Strike 0-1: Foul Ball, location: 2F 0-2: Ball 1-2: Ball 2-2: Foul Ball, location: 2F 2-2: Ball 3-2: SINGLE (Groundball, 34, EV 97.5 MPH) Alfredo Mendez scores Pete Cook to second Runner from 2nd tries for 3rd, SAFE, throw by RF made to third Chris Horton to second
|
Batting: RHB Peter Frankel
|
0-0: Called Strike 0-1: Ball 1-1: Called Strike 1-2: Foul Ball, location: 2F 1-2: Ball 2-2: Ball 3-2: Fly out, F8 (Flyball, 8RM, EV 90.6 MPH) Runner from 3rd tags up, SCORES, throw by CF
|
Batting: LHB Luis Ponce
|
0-0: Called Strike 0-1: Ball Passed Ball! Chris Horton to third 1-1: SINGLE (Flyball, 3D, EV 91.9 MPH) Chris Horton scores
|
Batting: SHB Bruce Shelton
|
0-0: Ball Luis Ponce steals 2nd base 1-0: Foul Ball, location: 2F 1-1: SINGLE (Flyball, 34D, EV 81.2 MPH) Luis Ponce to third
|
Batting: RHB Randy Joyce
|
0-0: Foul Ball, location: 2F 0-1: Ball 1-1: Called Strike 1-2: Strikes out swinging
|
Batting: SHB Ramon Werman
|
0-0: Swinging Strike 0-1: Called Strike 0-2: Ball 1-2: Strikes out swinging
|
Bottom of the 3rd over - 3 runs, 5 hits, 0 errors, 2 left on base; York 1 - Niagara Falls 3 |
TOP OF THE 4TH |
York Revolution batting - Pitching for Niagara Falls Phantoms : RHP Alex Sepulueda
|
Batting: RHB Alexis Graciani
|
0-0: Called Strike 0-1: Ball 1-1: Foul Ball, location: 2F 1-2: Strikes out looking
|
Batting: LHB Cipto Pakpahan
|
0-0: Called Strike 0-1: Ball 1-1: Ground out 4-3 (Groundball, 4, EV 87.5 MPH)
|
Batting: RHB Mike Staunton
|
0-0: Called Strike 0-1: Ball 1-1: Foul Ball, location: 2F 1-2: Strikes out swinging
|
Top of the 4th over - 0 runs, 0 hits, 0 errors, 0 left on base; York 1 - Niagara Falls 3 |
BOTTOM OF THE 4TH |
Niagara Falls Phantoms batting - Pitching for York Revolution : RHP Hugo Rodriguez
|
Batting: RHB Donald DeLisio
|
0-0: Ball 1-0: DOUBLE (Groundball, 3L, EV 101.2 MPH)
|
Batting: RHB Alfredo Mendez
|
0-0: Called Strike 0-1: Ball 1-1: Swinging Strike 1-2: Ball Passed Ball! Donald DeLisio to third 2-2: SINGLE (Groundball, 56S, EV 99.4 MPH) Donald DeLisio scores
|
Batting: LHB Pete Cook
|
0-0: Swinging Strike 0-1: Ball Alfredo Mendez steals 2nd base (no throw) 1-1: Foul Ball, location: 2F 1-2: Foul Ball, location: 2F 1-2: Ball 2-2: Ball 3-2: 2-RUN HOME RUN (Flyball, 7LD, EV 95.0 MPH), Distance : 350 ft
|
Pitching: RHP Nick Shumway
|
|
Batting: RHB Chris Horton
|
0-0: Ball 1-0: Ball 2-0: Ball 3-0: Base on Balls
|
Batting: RHB Peter Frankel
|
0-0: Called Strike 0-1: Ball 1-1: Foul Ball, location: 2F 1-2: Ball 2-2: Foul Ball, location: 2F 2-2: Foul Ball, location: 2F 2-2: Strikes out looking
|
Batting: LHB Luis Ponce
|
0-0: Ball 1-0: Ball 2-0: Fly out, F2 (Popup, 13S, EV 90.6 MPH)
|
Batting: SHB Bruce Shelton
|
0-0: Called Strike 0-1: Foul Ball, location: 2F 0-2: Ground out U3 (Groundball, 3, EV 90.0 MPH)
|
Bottom of the 4th over - 3 runs, 3 hits, 0 errors, 1 left on base; York 1 - Niagara Falls 6 |
TOP OF THE 5TH |
York Revolution batting - Pitching for Niagara Falls Phantoms : RHP Alex Sepulueda
|
Batting: RHB Jonathan Steria
|
0-0: Called Strike 0-1: Foul Ball, location: 2F 0-2: Ball 1-2: Ball 2-2: Strikes out swinging
|
Batting: RHB Tim Schell
|
0-0: Fly out, F7 (Flyball, 7LM, EV 104.4 MPH)
|
Batting: LHB Quincy Smart
|
0-0: Ball 1-0: Ball 2-0: Foul Ball, location: 2F 2-1: Foul Ball, location: 2F 2-2: Ball 3-2: Base on Balls
|
Batting: RHB Dan Shaffer
|
0-0: Ball 1-0: Called Strike 1-1: Fielders Choice at 2nd, 6-4 (Groundball, 6, EV 83.8 MPH)
|
Top of the 5th over - 0 runs, 0 hits, 0 errors, 1 left on base; York 1 - Niagara Falls 6 |
BOTTOM OF THE 5TH |
Niagara Falls Phantoms batting - Pitching for York Revolution : RHP Nick Shumway
|
Batting: RHB Randy Joyce
|
0-0: Ball 1-0: DOUBLE (Line Drive, 89XD, EV 108.1 MPH)
|
Batting: SHB Ramon Werman
|
0-0: Ball 1-0: Ball 2-0: Called Strike 2-1: Ball 3-1: Called Strike 3-2: Foul Ball, location: 2F 3-2: Strikes out swinging
|
Batting: RHB Donald DeLisio
|
0-0: Swinging Strike 0-1: Ball 1-1: Ball 2-1: Ball Randy Joyce steals 3rd base 3-1: Base on Balls
|
Batting: RHB Alfredo Mendez
|
0-0: Called Strike 0-1: SINGLE (Groundball, 6MD, EV 100.6 MPH) (infield hit) Randy Joyce scores Donald DeLisio to second
|
Batting: LHB Pete Cook
|
0-0: Foul Ball, location: 2F 0-1: Ball Passed Ball! Donald DeLisio to third Alfredo Mendez to second 1-1: Called Strike 1-2: Strikes out swinging
|
Batting: RHB Chris Horton
|
0-0: Called Strike 0-1: Ball 1-1: Ball 2-1: Foul Ball, location: 2F 2-2: SINGLE (Line Drive, 34D, EV 98.8 MPH) Donald DeLisio scores Alfredo Mendez to third Runner from 3rd tries for Home, SAFE, throw by RF to home
|
Batting: RHB Peter Frankel
|
0-0: Ball 1-0: Called Strike 1-1: Swinging Strike Passed Ball! Chris Horton to second 1-2: Strikes out looking
|
Bottom of the 5th over - 3 runs, 3 hits, 0 errors, 1 left on base; York 1 - Niagara Falls 9 |
TOP OF THE 6TH |
York Revolution batting - Pitching for Niagara Falls Phantoms : RHP Alex Sepulueda
|
Batting: LHB Mike Hawk
|
0-0: Foul Ball, location: 2F 0-1: Foul Ball, location: 2F 0-2: Ball 1-2: Ball 2-2: Strikes out looking
|
Batting: RHB Juan Gonzalez
|
0-0: Foul Ball, location: 2F 0-1: SOLO HOME RUN (Flyball, 9D, EV 95.0 MPH), Distance : 379 ft
|
Batting: RHB Alexis Graciani
|
0-0: Ball 1-0: Ball 2-0: Ball 3-0: Base on Balls
|
Batting: LHB Cipto Pakpahan
|
0-0: Ball 1-0: Foul Ball, location: 2F 1-1: Ball 2-1: Foul Ball, location: 2F 2-2: Ball 3-2: Fly out, F8 (Flyball, 8RD, EV 109.4 MPH)
|
Batting: RHB Mike Staunton
|
0-0: Foul Ball, location: 2F 0-1: Ball 1-1: Ball 2-1: Ball 3-1: Foul Ball, location: 2F 3-2: Strikes out swinging
|
Top of the 6th over - 1 run, 1 hit, 0 errors, 1 left on base; York 2 - Niagara Falls 9 |
BOTTOM OF THE 6TH |
Niagara Falls Phantoms batting - Pitching for York Revolution : RHP Nick Shumway
|
Pitching: RHP Aaron Lewis
|
|
Batting: LHB Luis Ponce
|
0-0: Ball 1-0: Ball 2-0: Foul Ball, location: 2F 2-1: Called Strike 2-2: Ball 3-2: Strikes out swinging
|
Batting: SHB Bruce Shelton
|
0-0: Ball 1-0: Foul Ball, location: 2F 1-1: Fly out, F8 (Line Drive, 8RM, EV 96.9 MPH)
|
Batting: RHB Randy Joyce
|
0-0: Fly out, F9 (Flyball, 89S, EV 87.5 MPH)
|
Bottom of the 6th over - 0 runs, 0 hits, 0 errors, 0 left on base; York 2 - Niagara Falls 9 |
TOP OF THE 7TH |
York Revolution batting - Pitching for Niagara Falls Phantoms : RHP Alex Sepulueda
|
Batting: RHB Jonathan Steria
|
0-0: Ball 1-0: Ball 2-0: Swinging Strike 2-1: Called Strike 2-2: Strikes out swinging
|
Batting: RHB Tim Schell
|
0-0: Ball 1-0: Ball 2-0: Ball 3-0: Called Strike 3-1: Called Strike 3-2: Strikes out swinging
|
Batting: LHB Quincy Smart
|
0-0: SINGLE (Flyball, 3D, EV 93.1 MPH)
|
Pitching: RHP Ki-tae Lee
|
|
Batting: RHB Dan Shaffer
|
0-0: Called Strike 0-1: Called Strike 0-2: Ball 1-2: Strikes out swinging
|
Top of the 7th over - 0 runs, 1 hit, 0 errors, 1 left on base; York 2 - Niagara Falls 9 |
BOTTOM OF THE 7TH |
Niagara Falls Phantoms batting - Pitching for York Revolution : RHP Aaron Lewis
|
Batting: SHB Ramon Werman
|
0-0: Ball 1-0: Foul Ball, location: 2F 1-1: Foul Ball, location: 2F 1-2: Strikes out looking
|
Batting: RHB Donald DeLisio
|
0-0: SINGLE (Line Drive, 8LS, EV 108.1 MPH)
|
Pinch Hitting: RHB Brian Biordi
|
0-0: Ball 1-0: Ball 2-0: Foul Ball, location: 2F 2-1: Foul Ball, location: 2F 2-2: Strikes out swinging
|
Pinch Hitting: RHB Tatsuro Hamasaki
|
0-0: Ball 1-0: Foul Ball, location: 2F 1-1: Ball 2-1: Foul Ball, location: 2F 2-2: Ball 3-2: Fly out, F7 (Flyball, 7, EV 90.6 MPH)
|
Bottom of the 7th over - 0 runs, 1 hit, 0 errors, 1 left on base; York 2 - Niagara Falls 9 |
TOP OF THE 8TH |
York Revolution batting - Pitching for Niagara Falls Phantoms : RHP Ki-tae Lee
|
Now in CF: Tatsuro Hamasaki
|
|
Now in RF: Danny Carrick
|
|
Pinch Hitting: LHB Skyler Bright
|
0-0: Called Strike 0-1: Swinging Strike 0-2: Strikes out swinging
|
Pinch Hitting: RHB Zach Walk
|
0-0: Ball 1-0: Ball 2-0: Called Strike 2-1: Foul Ball, location: 2F 2-2: Foul Ball, location: 2F 2-2: Ground out 5-3 (Groundball, 5L, EV 106.9 MPH)
|
Batting: RHB Alexis Graciani
|
0-0: Ball 1-0: Foul Ball, location: 2F 1-1: Ball 2-1: Called Strike 2-2: Strikes out swinging
|
Top of the 8th over - 0 runs, 0 hits, 0 errors, 0 left on base; York 2 - Niagara Falls 9 |
BOTTOM OF THE 8TH |
Niagara Falls Phantoms batting - Pitching for York Revolution : RHP Aaron Lewis
|
Now in CF: Zach Walk
|
|
Now in RF: Skyler Bright
|
|
Batting: RHB Chris Horton
|
0-0: Ball 1-0: Ball 2-0: Ball 3-0: Called Strike 3-1: Foul Ball, location: 2F 3-2: Ground out 5-3 (Groundball, 56, EV 88.1 MPH)
|
Batting: RHB Peter Frankel
|
0-0: Ball 1-0: Foul Ball, location: 2F 1-1: Ball 2-1: Foul Ball, location: 2F 2-2: Ball 3-2: Foul Ball, location: 2F 3-2: Foul Ball, location: 2F 3-2: Base on Balls
|
Pitching: RHP Lee Williams
|
|
Pinch Hitting: RHB Greg Oxford
|
0-0: Ball Peter Frankel steals 2nd base 1-0: Swinging Strike 1-1: Ball Passed Ball! Peter Frankel to third 2-1: Called Strike 2-2: SINGLE (Line Drive, 5L, EV 94.4 MPH) Peter Frankel scores
|
Batting: SHB Bruce Shelton
|
0-0: Called Strike 0-1: Fly out, F7 (Flyball, 7, EV 88.8 MPH)
|
Batting: RHB Randy Joyce
|
0-0: Called Strike 0-1: Ball 1-1: Fly out, F9 (Flyball, 9D, EV 92.5 MPH)
|
Bottom of the 8th over - 1 run, 1 hit, 0 errors, 1 left on base; York 2 - Niagara Falls 10 |
TOP OF THE 9TH |
York Revolution batting - Pitching for Niagara Falls Phantoms : RHP Ki-tae Lee
|
Now in LF: Hui Li
|
|
Pinch Hitting: RHB Justin Crowder
|
0-0: Foul Ball, location: 2F 0-1: Called Strike 0-2: Strikes out looking
|
Batting: RHB Mike Staunton
|
0-0: Ball 1-0: Ball 2-0: Fly out, F9 (Flyball, 9S, EV 88.1 MPH)
|
Batting: RHB Jonathan Steria
|
0-0: Ball 1-0: Called Strike 1-1: Swinging Strike 1-2: Strikes out looking
|
Top of the 9th over - 0 runs, 0 hits, 0 errors, 0 left on base; York 2 - Niagara Falls 10 |
|